 Dungeon Crawl Stone Soup version 0.23.2-1-ga50397a (webtiles) character file.

Game seed: 742768878992186867

147 titus the Sneak (level 5, -9/32 HPs)
             Began as an Octopode Enchanter on June 2, 2019.
             Killed by divine providence
             ... invoked by an orc priest
              (12 damage)
             ... on level 3 of the Dungeon.
             The game lasted 00:06:49 (3043 turns).

titus the Sneak (Octopode Enchanter)                Turns: 3043, Time: 00:06:50

Health: -9/32      AC:  1    Str:  7    XL:     5   Next: 29%
Magic:  8/8        EV: 11    Int: 17    God:
Gold:   83         SH:  7    Dex: 14    Spells: 5/8 levels left

rFire    + . .     SeeInvis .   h - +1 dagger (speed)
rCold    . . .     Gourm    .   r - +0 shield (curse)
rNeg     . . .     Faith    .   (helmet restricted)
rPois    .         Spirit   .   (no amulet)
rElec    .         Reflect  .   g - ring of flight
rCorr    .         Harm     .   l - ring of protection from fire
MR       .....                  (no ring)
Stlth    ++++......             (no ring)
HPRegen  0.10/turn              (no ring)
MPRegen  0.11/turn              (no ring)
                                (no ring)
                                (no ring)

@: no status effects
A: almost no armour, stealthy swim, amphibious, 8 rings, constrict 8, camouflage
1, gelatinous body 1
a: Evoke Flight


You were on level 3 of the Dungeon.
You were not hungry.

You visited 1 branch of the dungeon, and saw 3 of its levels.

You collected 83 gold pieces.

Inventory:

Hand Weapons
 a - a +1 dagger
 d - a +0 whip of venom
 h - a +1 dagger of speed (weapon)
 m - a +1 flail of venom
Armour
 r - a cursed +0 shield (worn)
Jewellery
 g - a ring of flight (left tentacle)
 l - a ring of protection from fire (right tentacle)
Scrolls
 b - a scroll of fear {unknown}
 f - a scroll of amnesia {unknown}
 i - a scroll of identify {unknown}
 q - a scroll of enchant weapon {unknown}
 s - a scroll of teleportation {unknown}
Potions
 e - a potion of magic
 j - a potion of heal wounds {unknown}
 k - a potion of might {unknown}
 n - a potion of lignification {unknown}
 o - a potion of brilliance {unknown}
 p - a potion of flight
Comestibles
 c - 3 rations
 t - 2 chunks of flesh


   Skills:
 + Level 0.9 Fighting
 + Level 1.6 Short Blades
 - Level 2.1 Dodging
 - Level 5.5 Stealth
 * Level 1.2 Shields
 - Level 2.4 Spellcasting
 - Level 3.5 Hexes
 - Level 1.5 Ice Magic


You had 5 spell levels left.
You knew the following spells:

 Your Spells              Type           Power        Failure   Level  Hunger
a - Corona                Hex            ##.....      26%         1    #......
b - Ensorcelled Hibernat  Hex/Ice        ##....       52%         2    ##.....

Your spell library contained the following spells:

 Spells                   Type           Power        Failure   Level  Hunger
 Confuse                  Hex            ##......     61%         3    ###....
 Tukima's Dance           Hex            ##......     61%         3    ###....
 Dazzling Spray           Conj/Hex       #.....       85%         3    ###....


Dungeon Overview and Level Annotations

Branches:
Dungeon (3/15)

Altars:
Fedhas
The Shining One


Innate Abilities, Weirdness & Mutations

You cannot wear most types of armour.
You are very stealthy in the water. (Stealth+)
You are amphibious.
You can wear up to eight rings at the same time.
You can use your tentacles to constrict eight enemies at once.
Your skin changes colour to match your surroundings (Stealth+).
Your rubbery body absorbs attacks. (AC +1, EV +1)


Message History

An orc comes into view. It is wielding a +0 club.
The orc hits you with a +0 flail!
You hit the orc.
The orc is almost dead.
You constrict the orc, but do no damage.
The orc priest mumbles some strange prayers to Beogh against you.
Beogh smites you!
You release your grip on the orc.
Your shield prevents you from hitting the orc.
You grab the orc.
The orc is almost dead.
You constrict the orc.
You kill the orc!
The orc priest hits you with a +0 short sword!
* * * LOW HITPOINT WARNING * * *
You see here a +0 flail.
You closely miss the orc priest. Your grab misses the orc priest.
The orc priest invokes the aid of Beogh against you.
Beogh smites you!
You die...

#### #... ##
############.## ...
#.............# ....
#.##########..#
..... #.##....# #..#
.....l######.##.##.#
#..#
.....gooo@......#
#.)<
......######.####
#.## ..... #.# #.#
.... #.# #.## ...
#.# #... ## #.#
.####### #.#
........ #(#
########


You could see an orc priest, 2 orcs, a leopard gecko and a goblin.

Vanquished Creatures
  Jessica (D:3)
  4 gnolls (D:2)
  3 adders (D:2)
  A worm (D:3)
  4 dart slugs
  3 orcs (D:3)
  A ball python (D:1)
  2 giant cockroaches (D:3)
  6 goblins
  4 hobgoblins
  A kobold (D:2)
  A quokka (D:3)
  7 bats
  3 frilled lizards
  5 rats
46 creatures vanquished.

Notes
Turn   | Place    | Note
-------+----------+-------------------------------------------
     0 | D:1      | titus the Octopode Enchanter began the quest for the Orb.
     0 | D:1      | Reached XP level 1. HP: 11/11 MP: 3/3
   324 | D:1      | Reached XP level 2. HP: 17/17 MP: 5/5
   331 | D:1      | Learned a level 2 spell: Ensorcelled Hibernation
   835 | D:2      | Reached XP level 3. HP: 15/21 MP: 1/6
  1017 | D:2      | Reached skill level 1 in Ice Magic
  1019 | D:2      | Found a glowing golden altar of the Shining One.
  1285 | D:2      | Reached skill level 5 in Stealth
  1285 | D:2      | Reached XP level 4. HP: 25/27 MP: 2/7
  1502 | D:2      | Found a faded altar of an unknown god.
  2039 | D:3      | Found a blossoming altar of Fedhas.
  2177 | D:3      | Noticed Jessica
  2200 | D:3      | Killed Jessica
  2200 | D:3      | Reached skill level 1 in Shields
  2200 | D:3      | Reached XP level 5. HP: 3/32 MP: 8/8
  3043 | D:3      | Killed from afar by an orc priest

Skill      XL: |  1  2  3  4 |
---------------+-------------+-----
Ice Magic      | 1 |  1.5
Stealth        | 5 |  5.5
Shields        | 1 |  1.2
Fighting       | |  0.9
Short Blades   | |  1.6
Dodging        | |  2.1
Spellcasting   | |  2.4
Hexes          | |  3.5

Action                   |  1- 3 |  4- 6 || total
-------------------------+-------+-------++-------
Melee: Dagger            |    42 |    71 ||   113
       Constrict         |     8 |    15 ||    23
       Tentacles         |     4 |     5 ||     9
 Cast: Ensorcelled Hiber |     7 |     1 ||     8
  Use: Potion            |       |     2 ||     2
 Stab: Sleeping          |    10 |    11 ||    21
  Eat: Chunk             |     1 |     6 ||     7
Armor: Skin              |    10 |     5 ||    15
Dodge: Dodged            |    24 |    20 ||    44
Block: Shield            |       |     9 ||     9
